 Dungeon Crawl Stone Soup version 0.30.1-10-g1249ef9ec4 (webtiles) character file.

Game seed: 9915287603888750157

14863 pkoi the Martial Artist (level 11, -16/80 HPs)
             Began as a Grey Draconian Monk on Oct 27, 2023.
             Was a High Priest of Hepliaklqana.
             Hit by a javelin thrown by a minotaur (22 damage)
             ... in a Gauntlet.
             The game lasted 00:23:41 (13441 turns).

pkoi the Martial Artist (Grey Draconian Monk)      Turns: 13441, Time: 00:23:42

Health: -16/80     AC: 20    Str: 16    XL:     11   Next: 94%
Magic:  0/19       EV: 14    Int: 13    God:    Hepliaklqana [*****.]
Gold:   933        SH:  0    Dex: 14    Spells: 15/21 levels left

rFire   + + .        N - +7 spear "Toef" {vamp, *Noise rElec rF++ rN+}
rCold   + . .        b - orb {light}
rNeg    + . .        (body armour unavailable)
rPois   .            (helmet restricted)
rElec   +            x - +0 cloak {rCorr}
rCorr   +            P - +2 pair of gloves {Str+3}
SInv    .            i - +3 pair of mountain boots {steadfast, rC+}
Will    +....        J - amulet of guardian spirit
Stlth   +            j - ring of wizardry
HPRegen 0.33/turn    l - ring of willpower
MPRegen 0.16/turn

%: no teleportation, guardian spirit, wizardry (x1)
@: glowing, studying Polearms
A: reduced essence, AC +12, amphibious, unfitting armour, cold-blooded, dopey 1,
wild magic 1, noise suppression
a: Renounce Religion, Recall Ancestor, Ancestor Identity, Transference, Idealise


You were in a Gauntlet.
You worshipped Hepliaklqana.
Hepliaklqana was extremely pleased with you.
You visited 3 branches of the dungeon, and saw 14 of its levels.
You also visited: Ossuary and Gauntlet.

You collected 933 gold pieces.

Inventory:

Hand Weapons
 c - a +4 spear of venom
 m - a +0 short sword
 o - a +1 dagger of venom
 N - the +7 spear "Toef" (weapon) {vamp, *Noise rElec rF++ rN+}
   (You took it off a gnoll on level 3 of the Dungeon)

   rF:        It greatly protects you from fire.
   rElec:     It insulates you from electricity.
   rN:        It protects you from negative energy.
   *Noise:    It may make noises in combat.
Missiles
 a - 4 throwing nets (quivered)
 G - 15 poisoned darts
Armour
 b - an orb of light (worn)
 i - the +3 pair of mountain boots (worn) {steadfast, rC+}
   (You acquired it on level 6 of the Dungeon)

   Steadfast: It prevents involuntary movement, except for blinking,
   teleportation, or banishment.
   rC:        It protects you from cold.
 x - a +0 cloak of preservation (worn)
 B - a +0 pair of gloves
 P - a +2 pair of gloves of strength (worn)
Jewellery
 j - a ring of wizardry (left hand)
 k - an amulet of magic regeneration
 l - a ring of willpower (right hand)
 u - a ring of protection from cold
 v - a ring of ice
 J - an amulet of guardian spirit (around neck)
 O - a ring of ice
 Q - the amulet "Affagoys" {Faith Fly Str-4 Dex+2}
   (You found it in a Gauntlet)

   [amulet of faith]

   It allows you to gain divine favour quickly.
   Str:       It affects your strength (-4).
   Dex:       It affects your dexterity (+2).
   Fly:       It grants you flight.
Wands
 w - a wand of iceblast (35)
 D - a wand of paralysis (3)
 E - a wand of mindburst (34)
 F - a wand of flame (21)
Scrolls
 f - 6 scrolls of blinking
 g - 4 scrolls of enchant armour
 n - 6 scrolls of teleportation
 q - 2 scrolls of amnesia
 s - 2 scrolls of fear
 y - a scroll of magic mapping
 C - 2 scrolls of enchant weapon
 I - a scroll of immolation
 K - a scroll of brand weapon
 M - a scroll of fog
Potions
 d - a potion of flight
 e - 12 potions of curing
 h - 2 potions of might
 p - a potion of brilliance
 r - a potion of heal wounds
 t - a potion of berserk rage
 z - a potion of resistance
 A - 4 potions of lignification
 H - a potion of magic
 L - a potion of ambrosia


   Skills:
 - Level 6.0 Fighting
 + Level 4.5 Polearms
 - Level 6.0 Dodging
 - Level 3.0 Stealth
 - Level 11.0 Unarmed Combat
 + Level 5.7 Spellcasting
 - Level 10.0 Translocations
 - Level 8.1 Invocations


You had 15 spell levels left.
You knew the following spells:

 Your Spells              Type           Power      Damage    Failure   Level
a - Blink                 Tloc           76%        N/A       1%          2
b - Manifold Assault      Tloc           38%        N/A       1%          4

Your spell library contained the following spells:

 Spells                   Type           Power      Damage    Failure   Level
 Vhi's Electric Charge    Tloc/Air       42%        N/A       4%          3
 Scorch                   Fire           8%         2d5       14%         2
 Flame Wave               Conj/Fire      4%         2d5       58%         4
 Arcjolt                  Conj/Air       2%         1d12      89%         5
 Plasma Beam              Fire/Air       2%         2x1d13    100%        6
 Summon Cactus Giant      Summ           2%         N/A       100%        6
 Storm Form               Tmut/Air       2%         N/A       100%        7


Dungeon Overview and Level Annotations

Branches:
Dungeon (12/15)            Temple (1/1) D:7            Lair (1/5) D:11
    Orc (0/2) D:11        Ossuary (visited)         Gauntlet (1/1)

Altars:
Ashenzari
Cheibriados
Dithmenos
Elyvilon
Fedhas
Gozag
Hepliaklqana
Kikubaaqudgha
Makhleb
Nemelex Xobeh
Okawaru
Qazlal
Ru
Sif Muna
Trog
Uskayaw
Vehumet
Wu Jian
Xom
Yredelemnul
Zin
The Shining One

Portals:
Trove: D:10 (give +6 ice dragon scales)

Annotations:
D:10 2 transporters, lonewolfV2's ghost, novice DsFi Gauntlet 8 transporters


Innate Abilities, Weirdness & Mutations

Your life essence is reduced to manifest your ancestor. (-10% HP)
Your dull iron-grey scales are very hard. (AC +12)
You are amphibious.
You cannot fit into any form of body armour.
You are cold-blooded and may be slowed by cold attacks.
You are dopey. (Int -2)
Your spells are a little harder to cast, but a little more powerful.
You passively dampen the noise of your surroundings.


Message History

The minotaur hits you from afar with the +5 glaive of Optimality {pain, *Slow Fly Dex+5 SInv}.
You writhe in agony.
Your +4 spear of venom stops dripping with poison.
You feel a sense of dread.
N - the +7 spear "Toef" (weapon)
{vamp, *Noise rElec rF++ rN+} Reach: N) +7 spear "Toef" {vamp, *Noise rElec rF++ rN+}
Press: ? - help, Dir - move target, f/p - minotaur
Aim: a minotaur, wielding the +5 glaive of Optimality {pain, *Slow Fly Dex+5 SInv}, wearing a +0 plate armour, wearing a +5 ring of evasion and quivering javelins (thin mist, lightly wounded, extremely poisoned, ally target, haloed, about 18% to evade the +7 spear "Toef")
You reach to attack!
You hit the minotaur.
You feel better.
The minotaur is lightly wounded.
The minotaur hits you from afar with the +5 glaive of Optimality {pain, *Slow Fly Dex+5 SInv}!!
* * * LOW HITPOINT WARNING * * *
You writhe in agony.
* * * LOW HITPOINT WARNING * * *
Dusana closely misses the minotaur.
Unknown command.
Reach: N) +7 spear "Toef" {vamp, *Noise rElec rF++ rN+}
Press: ? - help, Dir - move target, f/p - minotaur
Aim: a minotaur, wielding the +5 glaive of Optimality {pain, *Slow Fly Dex+5 SInv}, wearing a +0 plate armour, wearing a +5 ring of evasion and quivering javelins (thin mist, lightly wounded, extremely poisoned, ally target, haloed, about 18% to evade the +7 spear "Toef")
You reach to attack!
You barely miss the minotaur.
The minotaur is lightly wounded.
The minotaur hits you from afar with the +5 glaive of Optimality {pain, *Slow Fly Dex+5 SInv}!
* * * LOW HITPOINT WARNING * * *
You writhe in agony.
* * * LOW HITPOINT WARNING * * *
Unknown command.
Dusana hits the minotaur with a +0 flail.
Dusana blocks the minotaur's attack.
The minotaur gores Dusana!
Dusana is destroyed!
Aiming: Mindburst
Press: ? - help, Shift-Dir - straight line, f/p - minotaur
Aim: a minotaur, wielding the +5 glaive of Optimality {pain, *Slow Fly Dex+5 SInv}, wearing a +0 plate armour, wearing a +5 ring of evasion and quivering javelins (thin mist, moderately wounded, extremely poisoned, haloed, chance to affect: 6%)
Okay, then.
Aiming: Iceblast
Press: ? - help, Shift-Dir - straight line, f/p - minotaur
Aim: a minotaur, wielding the +5 glaive of Optimality {pain, *Slow Fly Dex+5 SInv}, wearing a +0 plate armour, wearing a +5 ring of evasion and quivering javelins (thin mist, moderately wounded, extremely poisoned, haloed)
The mass of ice explodes!
The iceblast engulfs the minotaur!
The minotaur is moderately wounded.
The minotaur throws a javelin.
The javelin pierces through you!!
You die...

##..#)#.
###########≈..##u#
#........###..####
##.##.###..##......
#8..........#..####
#.....#.#...#..#...
#########.#.#.©.#8.#.##
#8)8=8.8#...#...#..#B#.
#∩....@.'H###.©.#∩.#©.#
#8[8/8.8#...#...#..#Z.#
#########.#.#.©.#8.#B..
#.....#.#...#..#Z..
#8..........#..####
##.##.###..##......
#........###..####
###########≈..#BBB
##..#)..


You could see a minotaur (very poisoned).

Vanquished Creatures
  Harold (D:10)
  A centaur warrior (D:11)
  A two-headed ogre (D:8)
  Pikel (D:8)
  A cyclops (D:11)
  An ugly thing (D:7)
  A smoke demon (Gauntlet)
  2 unseen horrors
  A red devil (Gauntlet)
  A meliai (D:11)
  2 hornets
  3 blink frogs (Lair:1)
  A vampire (D:9)
  7 yaks
  2 wyverns
  A steam dragon (D:6)
  Edmund (D:5)
  3 orc warriors
  2 sky beasts
  4 ice beasts
  An ogre (D:4)
  2 centaurs
  2 lemures (D:8)
  2 phantoms
  A kobold brigand (D:8)
  4 scorpions
  2 wights (D:7)
  6 killer bees
  4 howler monkeys
  2 crimson imps (Gauntlet)
  A hound (D:5)
  5 orc priests
  5 jellies
  A gnoll bouda (D:3)
  Jessica (D:2)
  4 iguanas
  A sleepcap (D:5)
  9 orc wizards
  6 mummies (Ossuary)
  Robin (D:3)
  11 gnolls
  6 adders
  A white imp (D:5)
  4 ufetubi
  2 dart slugs
  26 orcs
  6 bats
  5 endoplasms
  2 giant cockroaches
  3 gnoll zombies (Ossuary)
  12 goblins
  10 hobgoblins
  4 jackals (D:2)
  4 quokkas
  4 ball pythons
  4 frilled lizards
  10 kobolds
  2 kobold zombies (Ossuary)
  13 rats
226 creatures vanquished.

Vanquished Creatures (collateral kills)
  A two-headed ogre (D:11)
  A boulder beetle (D:11)
  A gargoyle (D:11)
  Psyche (D:8)
  2 hornets
  2 blink frogs (Lair:1)
  A slime creature (D:11)
  6 yaks
  A wraith (D:11)
  A steam dragon (D:8)
  A water moccasin (D:7)
  An orc warrior (D:9)
  2 centaurs (D:11)
  A gnoll sergeant (D:10)
  A wight (D:7)
  The ghost of lonewolfV2 the Trooper, a weakling DsFi (D:3)
  A howler monkey (D:11)
  2 sleepcaps (D:7)
  An orc priest (D:9)
  Crazy Yiuf (D:6)
  An iguana (shapeshifter) (D:11)
  2 iguanas (D:6)
  5 orc wizards
  2 mummies (Ossuary)
  8 gnolls
  2 shadow imps
  10 orcs
  A kobold (D:8)
  A kobold zombie (Ossuary)
  2 orc zombies (Ossuary)
63 creatures vanquished.

Vanquished Creatures (others)
  A shadow imp (D:8)
  10 knights
11 creatures vanquished.

Grand Total: 300 creatures vanquished

Notes
Turn   | Place    | Note
-------+----------+-------------------------------------------
     0 | D:1      | pkoi the Draconian Monk began the quest for the Orb.
     0 | D:1      | Reached XP level 1. HP: 19/19 MP: 1/1
    56 | D:1      | Found a faded altar of an unknown god.
   158 | D:1      | Reached XP level 2. HP: 26/26 MP: 2/2
   857 | D:2      | Reached XP level 3. HP: 31/31 MP: 3/3
   862 | D:2      | Reached skill level 4 in Unarmed Combat
  1174 | D:2      | Noticed Jessica
  1179 | D:2      | Killed Jessica
  1180 | D:2      | Reached XP level 4. HP: 31/40 MP: 4/4
  1630 | D:3      | Identified the +7 spear "Toef" {vamp, *Noise rElec rF++
                  | rN+}
  1756 | D:3      | Gained mutation: You have a pair of small horns on your
                  | head. [potion of mutation]
  1756 | D:3      | Gained mutation: You sometimes lose your temper in combat.
                  | [potion of mutation]
  1756 | D:3      | Gained mutation: You are dopey. (Int -2) [potion of
                  | mutation]
  1756 | D:3      | Gained mutation: Your flesh is heat resistant. (rF+)
                  | [potion of mutation]
  1827 | D:3      | Reached XP level 5. HP: 43/46 MP: 5/5
  1915 | D:3      | Found a transporter.
  1915 | D:3      | Found a transporter.
  2066 | D:3      | Found a sacrificial altar of Ru.
  2129 | D:3      | Noticed Robin
  2140 | D:3      | Found a glowing silver altar of Zin.
  2333 | D:4      | Noticed a phantom
  2342 | D:4      | Killed a phantom
  2383 | D:4      | Found an iron altar of Okawaru.
  2436 | D:4      | Reached skill level 5 in Unarmed Combat
  2436 | D:4      | Reached XP level 6. HP: 55/55 MP: 6/6
  2587 | D:4      | Reached skill level 5 in Fighting
  2656 | D:4      | Found a hide-covered altar of Uskayaw.
  2741 | D:3      | Noticed lonewolfV2's ghost (weakling DsFi)
  2811 | D:3      | Found a burning altar of Makhleb.
  2811 | D:3      | Found an ancient bone altar of Kikubaaqudgha.
  2816 | D:3      | Found a blossoming altar of Fedhas.
  2819 | D:3      | Found an ornate altar of the Wu Jian Council.
  2821 | D:3      | Found a hazy altar of Hepliaklqana.
  2846 | D:3      | Killed Robin
  3026 | D:3      | Became a worshipper of Hepliaklqana the Forgotten
  3026 | D:3      | Reached * piety under Hepliaklqana
  3026 | D:3      | Reached ** piety under Hepliaklqana
  3027 | D:3      | Remembered your ancestor Dusana as a knight
  3361 | D:4      | Found a sparkling altar of Nemelex Xobeh.
  3486 | D:4      | Your scales start taking on a dull iron-grey colour.
  3486 | D:4      | Reached XP level 7. HP: 54/54 MP: 7/7
  3489 | D:4      | Learned a level 2 spell: Blink
  3784 | D:5      | Entered Level 5 of the Dungeon
  3874 | D:5      | Noticed Edmund
  3885 | D:5      | Killed Edmund
  3886 | D:5      | Reached skill level 1 in Translocations
  3961 | D:5      | Reached skill level 1 in Spellcasting
  4292 | D:5      | Reached skill level 5 in Dodging
  4292 | D:5      | Reached skill level 6 in Unarmed Combat
  4735 | D:5      | Reached *** piety under Hepliaklqana
  4904 | D:6      | Reached XP level 8. HP: 63/63 MP: 10/10
  4990 | D:6      | Found a runed translucent door.
  4991 | D:6      | Noticed Crazy Yiuf
  4997 | D:6      | Killed Crazy Yiuf
  5036 | D:6      | Found a sand-covered staircase.
  5046 | Ossuary  | Entered an ossuary
  5066 | Ossuary  | Learned a level 4 spell: Manifold Assault
  5815 | D:6      | Reached skill level 7 in Unarmed Combat
  5927 | D:6      | Identified a scroll of acquirement
  5928 | D:6      | Acquired the +3 pair of mountain boots {steadfast, rC+}
  5928 | D:6      | Found the +3 pair of mountain boots {steadfast, rC+}
  6106 | D:7      | Lost mutation: Your flesh is heat resistant. (rF+) [potion
                  | of mutation]
  6106 | D:7      | Lost mutation: You have a pair of small horns on your head.
                  | [potion of mutation]
  6106 | D:7      | Lost mutation: You sometimes lose your temper in combat.
                  | [potion of mutation]
  6106 | D:7      | Gained mutation: You passively dampen the noise of your
                  | surroundings. [potion of mutation]
  6106 | D:7      | Gained mutation: Your spells are a little harder to cast,
                  | but a little more powerful. [potion of mutation]
  6213 | D:7      | Found a staircase to the Ecumenical Temple.
  6246 | Temple   | Entered the Ecumenical Temple
  6516 | D:7      | Reached XP level 9. HP: 67/67 MP: 13/13
  6592 | D:7      | Reached skill level 5 in Translocations
  6755 | D:7      | Reached skill level 1 in Stealth
  6808 | D:7      | Reached **** piety under Hepliaklqana
  6939 | D:7      | Noticed a white ugly thing
  6991 | D:7      | Reached skill level 8 in Unarmed Combat
  7283 | D:7      | Reached skill level 1 in Invocations
  7331 | D:7      | Killed a white ugly thing
  7560 | D:8      | Noticed a two-headed ogre
  7574 | D:8      | Killed a two-headed ogre
  7670 | D:8      | Noticed Pikel
  7692 | D:8      | Killed Pikel
  7693 | D:8      | Reached XP level 10. HP: 65/74 MP: 14/14
  7762 | D:8      | Noticed Psyche
  7776 | D:8      | Killed Psyche
  7777 | D:8      | Reached skill level 9 in Unarmed Combat
  7866 | D:8      | Found the +6 lightning scales {swift, rElec}
  8711 | D:8      | Reached skill level 5 in Invocations
  9463 | D:10     | Entered Level 10 of the Dungeon
  9634 | D:10     | Reached skill level 10 in Unarmed Combat
  9909 | D:10     | Reached XP level 11. HP: 80/80 MP: 16/16
 10016 | D:10     | Found a transporter.
 10018 | D:10     | Noticed lonewolfV2's ghost (novice DsFi)
 10018 | D:10     | Identified the +7 dire flail of Ucremyps {holy, rPois}
 10018 | D:10     | Identified the +8 dire flail "Lumevif" {venom, Str+4}
 10018 | D:10     | Noticed a two-headed ogre
 10018 | D:10     | Noticed a two-headed ogre
 10019 | D:10     | Found a transporter.
 10024 | D:10     | Noticed a two-headed ogre
 10075 | D:10     | Reached ***** piety under Hepliaklqana
 10079 | D:10     | Noticed a brown ugly thing
 10080 | D:10     | Noticed a tengu warrior
 10327 | D:10     | Found a portal to a secret trove of treasure.
 10472 | D:11     | Noticed a boulder beetle
 10487 | D:11     | Killed a boulder beetle
 10710 | D:11     | Noticed Harold
 10743 | D:10     | Killed Harold
 11100 | D:11     | Found a staircase to the Lair.
 11320 | D:11     | Found a staircase to the Orcish Mines.
 11476 | D:11     | Noticed a centaur warrior
 11501 | D:11     | Killed a centaur warrior
 11686 | D:11     | Noticed a two-headed ogre
 11694 | D:11     | Killed a two-headed ogre
 11746 | D:11     | Reached skill level 11 in Unarmed Combat
 12035 | D:3      | Killed lonewolfV2's ghost
 12532 | Lair:1   | Entered Level 1 of the Lair of Beasts
 12532 | Lair:1   | Found a gate leading to a gauntlet.
 12542 | Lair:1   | Reached skill level 1 in Polearms
 12542 | Lair:1   | Reached skill level 5 in Spellcasting
 12599 | Gauntlet | Entered a Gauntlet
 12599 | Gauntlet | Noticed a sixfirhy
 12599 | Gauntlet | Found a transporter.
 12599 | Gauntlet | Found a transporter.
 12702 | Gauntlet | Found a transporter.
 12722 | Gauntlet | Found a transporter.
 12732 | Gauntlet | Found a transporter.
 12732 | Gauntlet | Found a transporter.
 12734 | Gauntlet | Found a transporter.
 12734 | Gauntlet | Found a transporter.
 12735 | Gauntlet | Found a transporter.
 12736 | Gauntlet | Noticed a death scarab
 12739 | Gauntlet | Noticed a green ugly thing
 12742 | Gauntlet | Noticed a great orb of eyes
 12747 | Gauntlet | Found a transporter.
 12762 | Gauntlet | Found a transporter.
 12764 | Gauntlet | Noticed a death scarab
 12769 | Gauntlet | Noticed a death scarab
 12772 | Gauntlet | Found a transporter.
 12773 | Gauntlet | Noticed a death scarab
 12786 | Gauntlet | Found a transporter.
 12806 | Gauntlet | Found a transporter.
 12880 | Gauntlet | Reached skill level 10 in Translocations
 12964 | Gauntlet | Paralysed by a hornet for 2 turns
 13224 | Gauntlet | Identified the amulet "Affagoys" {Faith Fly Str-4 Dex+2}
 13428 | Gauntlet | Identified the +5 glaive of Optimality {pain, *Slow Fly
                  | Dex+5 SInv}
 13428 | Gauntlet | Noticed a minotaur
 13441 | Gauntlet | Hit by a javelin thrown by a minotaur

Illustrated notes

Levels and vault maps discovered:
D:1:      wander_arrival_fairy_ring, layout_basic, shapermc_ecumenical_altar_gd
D:2:      layout_loops_ring, dk_noncrumbling_3, minmay_fountain_box,
          minmay_rat_gold_closets, uniq_jessica
D:3:      layout_basic, nicolae_ru_the_path_less_chosen,
          nicolae_overflow_hallway_of_the_gods, gammafunk_ghost_gnarly_gnolls,
          uniq_robin
D:4:      minmay_inner_zag, layout_cave_pools,
          nicolae_uskayaw_murder_on_the_dancefloor,
          nicolae_overflow_hidden_temple, nemelex_dance_club_becter
D:5:      minmay_spotlight, layout_cave_pods, lemuel_flame_loot_1, uniq_edmund
D:6:      layout_rooms, chequers_ossuary_entry_cave, uniq_crazy_yiuf_cottage
D:7:      layout_loops_ring, minmay_temple_entry_gardened_gates,
          serial_co_window_serial, co_window_of_opportunity_a,
          co_window_paths_a, co_window_paths_a, co_window_paths_a,
          co_window_corner_a, co_window_2corner, co_window_unsneaky_path_c,
          co_window_corner_b, co_window_broadway_c, co_window_broadway_c,
          co_window_unsneaky_path_c, co_window_2corner, co_window_4corner_a,
          glass_columns_c, glass_columns_a, glass_columns_b, glass_columns_c
D:8:      kennysheep_ambush_hall, layout_cave_pools, uniq_psyche, uniq_pikel
D:9:      layout_roguey
D:10:     layout_loops_ring, gammafunk_ghost_smash, trove_entry_hex_spiral,
          lightli_corner_chamber
D:11:     minmay_chambers_of_sixes, layout_rooms, lair_entry_dummy, orc_0_dummy,
          uniq_harold
D:12:     minmay_octo_star, layout_loops_cross, serial_shops, shop_statue,
          lemuel_blue_sif_altar
Temple:   nicolae_temple_godzebo
Lair:1:   hellmonk_ruined_rings, layout_cave_shapes, gauntlet_entry_generic,
          uniq_prince_ribbit2
Gauntlet: gammafunk_gauntlet_mixed_choke_point [minmay_gauntlet_arena_77_braids,
          minmay_gauntlet_arena_77_tiled_triplets,
          minmay_gauntlet_arena_77_two_lines, gammafunk_gauntlet_arena_chambers,
          minmay_gauntlet_arena_77_block_sizes,
          minmay_gauntlet_arena_77_hold_the_fort,
          minmay_gauntlet_arena_77_checkered,
          nicolae_gauntlet_exit_dead_adventurers]

Skill      XL: |  1  2  3  4  5  6  7  8  9 10 11 |
---------------+----------------------------------+-----
Unarmed Combat | 4 5 6 7 8 10 11 | 11.0
Dodging        | 3 4 5 6 |  6.0
Fighting       | 4 5 6 |  6.0
Translocations | 2 4 6 8 10 | 10.0
Spellcasting   | 1 3 5 |  5.7
Stealth        | 3 |  3.0
Invocations    | 3 6 8 |  8.1
Polearms       | 4 |  4.5

Action                     |  1- 3 |  4- 6 |  7- 9 | 10-12 || total
---------------------------+-------+-------+-------+-------++-------
  Melee: Unarmed           |   104 |   129 |       |    54 ||   287
         Tailslap          |    12 |    14 |    25 |    44 ||    95
         Headbutt          |       |    22 |    29 |       ||    51
         Spear             |       |    12 |   265 |   372 ||   649
         Punch             |       |       |     4 |     7 ||    11
   Cast: Manifold Assault  |       |       |       |    15 ||    15
 Invoke: Ancestor Life: Kn |       |     1 |       |       ||     1
         Recall Ancestor   |       |       |       |     1 ||     1
         Transference      |       |       |       |     1 ||     1
  Evoke: Wand              |       |       |       |     2 ||     2
    Use: Scroll            |     4 |     7 |     4 |     4 ||    19
         Potion            |     1 |     8 |     6 |     2 ||    17
   Stab: Sleeping          |       |       |     1 |     1 ||     2
         Distracted        |       |       |       |     1 ||     1
 Armour: Skin              |    29 |    33 |    62 |   148 ||   272
  Dodge: Dodged            |    67 |    95 |   107 |   188 ||   457
